AoeStats
← Mhafiki

Golden Pit

503233298Analyzed
1v1 RM · 1mo ago on Aug 30, 2026· 43m 19s· 2 players
Game mode
Random Map
Map size
Tiny (2 player)
Population
200
Speed
Normal
Resources
Standard
Victory
Conquest
Starting age
Dark Age
Ending age
Imperial Age
RankedLock teamsTeams togetherTeam positionsShared explorationLock speedFull tech treeHidden civsTurbo modeCheats
Victory
Defeat
🇪🇸 Bulgarians · Spain
1175
+15
🇺🇸 Poles · United States
1153
-15
Mhafiki
8:00 Loom
10:17 Feudal Age
10:40 Horse Collar
10:46 Double-Bit Axe
21:20 Castle Age
23:20 Bow Saw
25:22 Forging
25:17 Scale Barding Armor
26:26 Light Cavalry
27:16 Bloodlines
34:26 Redemption
35:33 Fletching
39:46 Crossbowman
41:20 Crossbowman
45:04 Imperial Age
BayZip
3:23 Loom
10:42 Feudal Age
11:17 Double-Bit Axe
11:17 Horse Collar
20:24 Castle Age
26:14 Fletching
26:27 Scale Mail Armor
29:23 Scale Barding Armor
34:17 Bodkin Arrow
35:48 Gold Mining
36:11 Bow Saw
36:24 Town Watch
41:39 Chain Barding Armor
41:30 Forging
42:54 Wheelbarrow
Connection lost

Rejoining the realm…

Still unreachable

The connection could not be restored.

Session expired

The server has moved on; the page needs a fresh start.